 Dungeon Sprint DCSS version 0.14-a0-1029-g9530a8b (webtiles) character file.

13141 Inkie the Bludgeoner (level 12, -2/74 HPs)
             Began as a Gargoyle Fighter on Nov 23, 2013.
             Was the Champion of Fedhas.
             Slain by a ghost moth (8 damage)
             ... in the Dungeon (Sprint VII: "The Pits").
             The game lasted 00:32:43 (3712 turns).

Inkie the Bludgeoner (Gargoyle Fighter)             Turns: 3712, Time: 00:32:43

HP  -2/74        AC 29     Str 22      XL: 12   Next:  2%
MP   1/15        EV 11     Int 11      God: Fedhas [******]
Gold 35          SH 29     Dex 13      Spells:  0 memorised, 13 levels left

Res.Fire  : . . .   See Invis. : .   t - +2,+0 mace (crush)
Res.Cold  : . . .   Warding    : .   B - +4 chain mail
Life Prot.: + . .   Conserve   : .   c - +0 shield
Res.Poison: +       Res.Corr.  : .   A - +0 helmet
Res.Elec. : +       Clarity    : .   (no cloak)
Sust.Abil.: . .     Spirit.Shd : .   C - +0 pair of orc gloves
Res.Mut.  : .       Prev.Telep.: +   (no boots)
Res.Rott. : +       Flight     : .   (no amulet)
Saprovore : . . .                    y - +3 ring of evasion
                                     w - +3 ring of strength

@: sage [Armour, Spellcasting, Transmutations], very slightly contaminated,
somewhat resistant to hostile enchantments, extremely unstealthy
A: hooves 1, life protection 1, electricity resistance, unbreathing, evolution
1, petrification resistance, AC +8
a: Evolution, Sunlight, Growth, Reproduction, Rain, Renounce Religion


You were in the Dungeon.
You worshipped Fedhas.
Fedhas was exalted by your worship.
You were hungry.

You visited 1 branch You collected 35 gold pieces.

Inventory:

Hand weapons
 t - a +2,+0 mace of crushing (weapon)
 z - a +2,+2 dire flail of crushing
Missiles
 s - 10 stones (quivered)
Armour
 c - a +0 shield (worn)
 A - a +0 helmet (worn)
 B - a +4 chain mail (worn)
 C - a +0 pair of orcish gloves (worn)
Comestibles
 d - 7 bread rations
 m - 7 meat rations
Scrolls
 j - a scroll of blinking
 p - 4 scrolls of remove curse
 I - a scroll of fog
 J - 6 scrolls of enchant armour
 K - a scroll of recharging
 L - a scroll of enchant weapon III
 O - a scroll of enchant weapon II
Jewellery
 w - a +3 ring of strength (left hand)
 y - a +3 ring of evasion (right hand)
 D - an uncursed ring of magical power
 G - an uncursed ring of ice
 M - an uncursed ring of protection from magic
 N - an uncursed ring of protection from cold
Potions
 e - 14 potions of curing
 f - 3 potions of heal wounds
 g - 2 potions of speed
 h - 4 potions of magic
 i - 4 potions of berserk rage
 n - 2 potions of invisibility
 r - 2 potions of cure mutation
 x - a potion of might
 E - a potion of brilliance
Miscellaneous
 H - a sack of spiders


   Skills:
 + Level 9.7 Fighting
 - Level 18.0 Maces & Flails
 + Level 14.6 Armour
 - Level 16.2 Shields
 - Level 1.3 Spellcasting
   Level 0.2 Transmutations
 - Level 2.1 Invocations
 - Level 1.8 Evocations


You had 13 spell levels left.
You didn't know any spells.

Dungeon Overview and Level Annotations

Branches:
Dungeon (1/1)

Altars:
Ashenzari
Cheibriados
Elyvilon
Fedhas
Kikubaaqudgha
Makhleb
Nemelex Xobeh
Okawaru
Sif Muna
Trog
Vehumet
Xom
Yredelemnul
Zin
the Shining One
Beogh
Jiyva
Lugonu


Innate Abilities, Weirdness & Mutations

You are resistant to torment.
You are immune to poison.
Your stone body is very resilient (AC +8).
You resist negative energy.
You are resistant to electric shocks.
You can survive without breathing.
You are immune to petrification.
You have large cloven feet.
You evolve.


Message History

It stings you!
* * * LOW HITPOINT WARNING * * *
Unknown command.
You hit it.
A nearby toadstool withers and dies.
You feel you are being watched by something.
It hits you!
* * * LOW HITPOINT WARNING * * *
It hits you but does no damage. It stings you but does no damage.
You hit it but do no damage. You kick it.
You feel you are being watched by something.
It hits you but does no damage. You block its attack.
It stings you but does no damage.
You closely miss it.
You feel you are being watched by something.
It completely misses you. It hits you.
* * * LOW HITPOINT WARNING * * *
You block its attack.
You hit it. You kick it. It hits you!
You die...
Fedhas appreciates your contribution to the ecosystem.

#..# #i# #{.# #..# # #..#
#..################..#
#####....................#
___##.............l...ยง..#
___###########'(##########
##############''##########
'..##..........|...(.##..#
#.|##......#..#P@.)P)##..#
#####.........PPPPPP)('..#
...['.........PPPPP.)').(########
#####(.....#..#PPPP..##..(%...(((
#..##[..........)....##.)%%......
'..#####'#####''#################
#)###.......##['################
...##.......##.[#..............##
...##.......##).##.........Df...#


You could see 18 friendly oklob plants.

Vanquished Creatures
  A siren (D)
  A komodo dragon (D)
  A mermaid (D)
  A blue devil (D)
  2 spriggans (D)
  A raven (D)
  A troll (D)
  A yak (D)
  A hippogriff (D)
  A hungry ghost (D)
  A vampire mosquito (D)
  A rock worm (D)
  A manticore (D)
  5 wolves (D)
  A kobold demonologist (D)
  A phantom (D)
  A rotting devil (D)
  2 big kobolds (D)
  A water moccasin (D)
  An agate snail (D)
  A jelly (D)
  A killer bee (D)
  A pulsating lump (D)
  A gnoll shaman (D)
  A scorpion (D)
  A hound (D)
  A quasit (D)
  An iguana (D)
  A sheep (D)
  Terence (D)
  4 gnolls (D)
  2 lemures (D)
  A worm (D)
  An ooze (D)
  4 orcs (D)
  A bat zombie (D)
  A hobgoblin (D)
  3 jackals (D)
  3 kobolds (D)
  A ball python (D)
  A giant newt (D)
  A hobgoblin skeleton (D)
  A kobold zombie (D)
  A rat zombie (D)
61 creatures vanquished.

Vanquished Creatures (collateral kills)
  2 orc warlords (D)
  A death cob (D)
  A spriggan (D)
  An alligator (D)
  3 death yaks (D)
  2 fire crabs (D)
  2 centaur warriors (D)
  2 ice devils (D)
  4 orc knights (D)
  A griffon (D)
  A phantasmal warrior (D)
  An orange demon (D)
  A demonic crawler (D)
  2 guardian mummies (D)
  A blue devil (D)
  A giant firefly (D)
  A two-headed ogre (D)
  A flying skull (D)
  A tarantella (D)
  A redback (D)
  A chaos spawn (D)
  2 vampires (D)
  A steam dragon (D)
  A mottled dragon (D)
  A vampire mosquito (D)
  3 wolves (D)
  A soldier ant (D)
  4 yaks (D)
  A swamp drake (D)
  An orc warrior (D)
  A rotting devil (D)
  A big kobold (D)
  A warg (D)
  4 killer bees (D)
  5 sheep (D)
  2 giant mites (D)
60 creatures vanquished.

Vanquished Creatures (others)
  2 oklob plants (D)
  A wandering mushroom (D)
  A redback (D)
  An ooze (D)
  A ball python skeleton (D)
  63 toadstools (D)
69 creatures vanquished.

Grand Total: 190 creatures vanquished

Notes
Turn   | Place    | Note
--------------------------------------------------------------
     0 | D        | Inkie, the Gargoyle Fighter, began the quest for the Orb.
     0 | D        | Reached XP level 1. HP: 14/14 MP: 0/0
    33 | D        | Found a sparkling altar of Nemelex Xobeh.
    33 | D        | Found a shimmering altar of Xom.
    33 | D        | Found a deep blue altar of Sif Muna.
    33 | D        | Found a burning altar of Makhleb.
    33 | D        | Found an ancient bone altar of Kikubaaqudgha.
    33 | D        | Found a basalt altar of Yredelemnul.
    34 | D        | Found an iron altar of Okawaru.
    34 | D        | Found a roughly hewn altar of Beogh.
    34 | D        | Found a viscous altar of Jiyva.
    34 | D        | Found a corrupted altar of Lugonu.
    34 | D        | Found a glowing silver altar of Zin.
    34 | D        | Found a radiant altar of Vehumet.
    34 | D        | Found a blossoming altar of Fedhas.
    34 | D        | Found a snail-covered altar of Cheibriados.
    34 | D        | Found a white marble altar of Elyvilon.
    34 | D        | Found a bloodstained altar of Trog.
    34 | D        | Found a glowing golden altar of the Shining One.
    34 | D        | Found a shattered altar of Ashenzari.
    40 | D        | Became a worshipper of Fedhas Madash
    86 | D        | Reached skill level 4 in Maces & Flails
    92 | D        | Acquired Fedhas' first power
    98 | D        | Reached XP level 2. HP: 16/19 MP: 1/1
    99 | D        | Acquired Fedhas' second power
   141 | D        | Noticed a phantom
   168 | D        | Reached skill level 5 in Maces & Flails
   477 | D        | Killed a phantom
   477 | D        | Reached skill level 9 in Maces & Flails
   477 | D        | Reached XP level 3. HP: 15/24 MP: 2/2
   477 | D        | Reached XP level 4. HP: 17/28 MP: 3/3
   596 | D        | Noticed a rotting devil
   625 | D        | Reached skill level 10 in Maces & Flails
   667 | D        | Killed a rotting devil
   667 | D        | Reached skill level 11 in Maces & Flails
   667 | D        | Reached skill level 1 in Invocations
   667 | D        | Reached XP level 5. HP: 33/33 MP: 1/5
   709 | D        | Noticed an iguana
   715 | D        | Killed an iguana
   715 | D        | Reached skill level 12 in Maces & Flails
   718 | D        | Acquired Fedhas' third power
   720 | D        | Noticed Terence
   734 | D        | Killed Terence
   734 | D        | Reached XP level 6. HP: 32/38 MP: 6/6
   828 | D        | Noticed a pulsating lump
   835 | D        | Killed a pulsating lump
   835 | D        | Reached skill level 13 in Maces & Flails
   838 | D        | Noticed a gnoll shaman
   866 | D        | Killed a gnoll shaman
   882 | D        | Noticed a kobold demonologist
   882 | D        | Noticed a big kobold
   882 | D        | Noticed a big kobold
   882 | D        | Noticed a blue devil
   883 | D        | Noticed a quasit
   895 | D        | Killed a kobold demonologist
   895 | D        | Reached skill level 5 in Shields
   895 | D        | Reached XP level 7. HP: 40/44 MP: 8/8
   902 | D        | Killed a big kobold
   902 | D        | Reached skill level 5 in Fighting
   902 | D        | Reached skill level 5 in Armour
   913 | D        | Killed a big kobold
   913 | D        | Reached skill level 14 in Maces & Flails
   947 | D        | Killed a blue devil
   954 | D        | Killed a quasit
   956 | D        | Acquired Fedhas' fourth power
  1234 | D        | Noticed a raven
  1234 | D        | Noticed a hungry ghost
  1234 | D        | Noticed a komodo dragon
  1246 | D        | Killed a raven
  1246 | D        | Reached XP level 8. HP: 37/49 MP: 9/9
  1282 | D        | Killed a hungry ghost
  1294 | D        | Killed a komodo dragon
  1696 | D        | Noticed an alligator
  1696 | D        | Noticed a chaos spawn
  1700 | D        | Noticed a big kobold
  1717 | D        | Killed a chaos spawn
  1718 | D        | Killed an alligator
  1718 | D        | Reached XP level 9. HP: 53/53 MP: 11/11
  1720 | D        | Killed a big kobold
  1747 | D        | Noticed a spriggan
  1755 | D        | Killed a spriggan
  1755 | D        | Reached skill level 15 in Shields
  1759 | D        | Noticed a yak
  1759 | D        | Noticed a yak
  1759 | D        | Noticed a yak
  1759 | D        | Noticed a yak
  1760 | D        | Noticed a yak
  1784 | D        | Killed a yak
  1785 | D        | Killed a yak
  1787 | D        | Killed a yak
  1787 | D        | Killed a yak
  1792 | D        | Acquired Fedhas' fifth power
  1817 | D        | Killed a yak
  1817 | D        | Reached skill level 16 in Shields
  1826 | D        | Noticed a demonic crawler
  1827 | D        | Noticed a rotting devil
  1846 | D        | Killed a demonic crawler
  1846 | D        | Killed a rotting devil
  1901 | D        | Noticed a wolf
  1913 | D        | Killed a wolf
  1939 | D        | Noticed a wolf
  1946 | D        | Noticed a wolf
  1947 | D        | Noticed a wolf
  1949 | D        | Killed a wolf
  1953 | D        | Killed a wolf
  1958 | D        | Killed a wolf
  1958 | D        | Reached skill level 15 in Maces & Flails
  1968 | D        | Noticed a wolf
  1968 | D        | Noticed a steam dragon
  1987 | D        | Killed a wolf
  1988 | D        | Killed a steam dragon
  2009 | D        | Noticed a scorpion
  2021 | D        | Killed a scorpion
  2026 | D        | Noticed a tarantella
  2026 | D        | Noticed a mottled dragon
  2026 | D        | Noticed a two-headed ogre
  2028 | D        | Noticed a flying skull
  2052 | D        | Killed a tarantella
  2052 | D        | Reached XP level 10. HP: 27/59 MP: 12/12
  2053 | D        | Killed a mottled dragon
  2055 | D        | Killed a two-headed ogre
  2238 | D        | Noticed a griffon
  2239 | D        | Noticed a soldier ant
  2239 | D        | Noticed a manticore
  2277 | D        | Killed a griffon
  2283 | D        | Killed a flying skull
  2365 | D        | Noticed a mermaid
  2375 | D        | Killed a manticore
  2383 | D        | Killed a mermaid
  2394 | D        | Noticed a jelly
  2430 | D        | Killed a jelly
  2458 | D        | Noticed a killer bee
  2459 | D        | Noticed a vampire mosquito
  2459 | D        | Noticed an agate snail
  2459 | D        | Noticed a fire crab
  2460 | D        | Noticed a death cob
  2460 | D        | Noticed a killer bee
  2460 | D        | Noticed a killer bee
  2460 | D        | Noticed a spriggan rider
  2460 | D        | Noticed a water moccasin
  2460 | D        | Noticed a killer bee
  2460 | D        | Noticed a blue devil
  2464 | D        | Noticed a redback
  2474 | D        | Noticed a killer bee
  2488 | D        | Killed a death cob
  2488 | D        | Reached skill level 17 in Maces & Flails
  2488 | D        | Killed a killer bee
  2488 | D        | Killed a killer bee
  2489 | D        | Killed a vampire mosquito
  2489 | D        | Killed a killer bee
  2489 | D        | Killed a killer bee
  2490 | D        | Killed a spriggan rider
  2490 | D        | Killed a giant firefly
  2490 | D        | Reached skill level 10 in Armour
  2491 | D        | Killed a soldier ant
  2494 | D        | Killed a fire crab
  2495 | D        | Killed a redback
  2498 | D        | Killed a blue devil
  2498 | D        | Reached skill level 18 in Maces & Flails
  2535 | D        | Noticed a hound
  2540 | D        | Killed a killer bee
  2544 | D        | Killed a water moccasin
  2549 | D        | Killed a hound
  2586 | D        | Killed an agate snail
  2593 | D        | Noticed a hippogriff
  2604 | D        | Killed a hippogriff
  2616 | D        | Noticed an orc warrior
  2617 | D        | Noticed a vampire mosquito
  2617 | D        | Noticed a troll
  2618 | D        | Noticed an orc knight
  2631 | D        | Killed a vampire mosquito
  2643 | D        | Killed a troll
  2643 | D        | Reached XP level 11. HP: 36/64 MP: 13/13
  2673 | D        | Killed an orc knight
  2676 | D        | Killed an orc warrior
  3123 | D        | Gained mutation: You evolve. [helix card]
  3159 | D        | Noticed a spriggan
  3160 | D        | Noticed an orange demon
  3165 | D        | Killed a spriggan
  3167 | D        | Killed an orange demon
  3180 | D        | Noticed a centaur warrior
  3180 | D        | Noticed a guardian mummy
  3198 | D        | Killed a guardian mummy
  3200 | D        | Killed a centaur warrior
  3342 | D        | Noticed a guardian mummy
  3343 | D        | Noticed an ice devil
  3378 | D        | Killed an ice devil
  3379 | D        | Killed a guardian mummy
  3434 | D        | Gained mutation: You have large cloven feet. [evolution]
  3441 | D        | Noticed a wolf
  3441 | D        | Noticed a wolf
  3441 | D        | Noticed a wolf
  3441 | D        | Noticed an orc knight
  3442 | D        | Noticed an orc warlord
  3442 | D        | Noticed an ice devil
  3442 | D        | Noticed a wandering mushroom
  3442 | D        | Noticed an orc knight
  3442 | D        | Noticed an orc warlord
  3443 | D        | Noticed an orc knight
  3443 | D        | Noticed an orc knight
  3456 | D        | Killed a wandering mushroom
  3481 | D        | Killed a wolf
  3487 | D        | Killed a wolf
  3488 | D        | Killed a wolf
  3494 | D        | HP: 3/66 [orc warlord/ bolt (15)]
  3495 | D        | Killed an ice devil
  3495 | D        | Reached skill level 1 in Evocations
  3498 | D        | Killed an orc knight
  3504 | D        | Killed an orc warlord
  3506 | D        | Killed an orc warlord
  3508 | D        | Killed an orc knight
  3511 | D        | Killed an orc knight
  3599 | D        | Noticed a rock worm
  3599 | D        | Noticed a vampire
  3599 | D        | Noticed a spriggan druid
  3601 | D        | Noticed a siren
  3614 | D        | Killed a rock worm
  3623 | D        | Noticed a warg
  3623 | D        | Noticed a redback
  3625 | D        | Noticed a tarantella
  3626 | D        | Noticed a death yak
  3630 | D        | Noticed a death yak
  3634 | D        | Noticed a swamp drake
  3634 | D        | Noticed a fire crab
  3638 | D        | Noticed a death yak
  3639 | D        | Noticed a centaur warrior
  3640 | D        | Killed a siren
  3640 | D        | Reached skill level 1 in Spellcasting
  3641 | D        | Killed a redback
  3659 | D        | Killed a death yak
  3666 | D        | Killed a warg
  3682 | D        | Killed a vampire
  3685 | D        | Killed a death yak
  3686 | D        | Killed a fire crab
  3686 | D        | Killed a death yak
  3695 | D        | Noticed a vampire
  3696 | D        | Noticed a phantasmal warrior
  3703 | D        | Killed a vampire
  3704 | D        | Killed a centaur warrior
  3704 | D        | Reached XP level 12. HP: 28/74 MP: 1/15
  3706 | D        | Killed a phantasmal warrior
  3706 | D        | Killed a swamp drake
  3712 | D        | Slain by a ghost moth

Action                   |  1- 3 |  4- 6 |  7- 9 | 10-12 || total
-------------------------+-------+-------+-------+-------++-------
Melee: Mace              |    59 |    82 |   159 |   190 ||   490
Invok: Sunlight          |       |     1 |       |       ||     1
       Evolution         |       |       |    16 |     4 ||    20
       Growth            |       |       |     4 |     1 ||     5
Evoke: Deck              |       |       |       |    11 ||    11
  Use: Potion            |       |     1 |     2 |     7 ||    10
       Scroll            |       |       |     1 |     1 ||     2
 Stab: Distracted        |       |       |       |     1 ||     1
